 Dungeon Crawl Stone Soup version 0.30.0-29-ga12c61a403 (webtiles) character file.

Game seed: 6186472619095157872

106245 Gabide the Fencer (level 15, -2/121 (129) HPs)
             Began as a Mummy Monk on June 4, 2023.
             Was a High Priest of Ru.
             Slain by a tentacle (15 damage)
             ... attached to a kraken
             ... on level 1 of the Shoals.
             The game lasted 01:30:19 (31182 turns).

Gabide the Fencer (Mummy Monk)                     Turns: 31182, Time: 01:30:19

HP:   -2/121 (129)  AC: 16    Str: 15    XL:     15   Next: 97%
MP:   0/15          EV: 23    Int: 17    God:    Ru [*****.]
Gold: 1054          SH:  0    Dex: 26    Spells: 14/14 levels left

rFire   + + .        b - +5 scimitar (flame)
rCold   + . .        c - orb {light}
rNeg    + + +        h - +3 leather armour "Umeplecw" {Int+4 Dex+2}
rPois   ∞            A - +1 hat of Clean Salvation {rF++ Int+3}
rElec   .            w - +2 cloak
rCorr   .            g - +2 pair of gloves
SInv    .            i - +2 pair of boots
Will    +....        O - amulet of Exig {Spirit rF+ Dex+3} Stlth
                     q - ring of flight
HPRegen 0.40/turn    B - +4 ring of slaying
MPRegen 0.14/turn

%: guardian spirit, faith
@: exhausted, flying, glowing, drained
A: cold resistance 1, negative energy resistance 3, screaming 1, torment
resistance 2, heat vulnerability 1, no stealth, inability to train armour, no
air magic, no conjurations magic, no hexes magic, disrupted magic 1, unskilled
1, in touch with death 2, no potions, faith
a: Renounce Religion, Draw Out Power, Power Leap, Apocalypse


You were on level 1 of the Shoals.
You worshipped Ru.
Ru was extremely pleased with you.
You visited 5 branches of the dungeon, and saw 24 of its levels.
You also visited: Bailey, Gauntlet and Ice Cave.

You collected 3272 gold pieces.
You spent 2218 gold pieces at shops.

Inventory:

Hand Weapons
 b - a +5 scimitar of flaming (weapon)
 m - the +1 hand axe of Muannodo {drain, +Blink Will+ Int+3}
   (You found it on level 3 of the Dungeon)

   Int:       It affects your intelligence (+3).
   +Blink:    It lets you blink.
   Will:      It increases your willpower.
 J - a +4 heavy great sword
Missiles
 r - 6 curare-tipped darts (quivered)
 s - a throwing net
 S - 4 silver javelins
Armour
 c - an orb of light (worn)
 g - a +2 pair of gloves (worn)
 h - the +3 leather armour "Umeplecw" (worn) {Int+4 Dex+2}
   (You found it on level 1 of the Lair of Beasts)

   Int:       It affects your intelligence (+4).
   Dex:       It affects your dexterity (+2).
 i - a +2 pair of boots (worn)
 w - a +2 cloak (worn)
 A - the +1 hat of Clean Salvation (worn) {rF++ Int+3}
   (You found it on level 9 of the Dungeon)

   Int:       It affects your intelligence (+3).
   rF:        It greatly protects you from fire.
 D - +0 acid dragon scales
 E - a +2 leather armour of cold resistance
Jewellery
 q - a ring of flight (left hand)
 u - the ring of Twilight {rF+ Str+6}
   (You bought it in a shop on level 2 of the Orcish Mines)

   [ring of strength]

   Str:       It affects your strength (+6).
   rF:        It protects you from fire.
 B - a +4 ring of slaying (right hand)
 O - the amulet of Exig (around neck) {Spirit rF+ Dex+3}
   (You found it on level 5 of the Lair of Beasts)

   [amulet of guardian spirit]

   It causes incoming damage to be divided between your reserves of health and
   magic.
   Dex:       It affects your dexterity (+3).
   rF:        It protects you from fire.
 R - a +4 ring of protection
Wands
 a - a wand of flame (11)
 k - a wand of iceblast (2)
 l - a wand of charming (30)
 o - a wand of polymorph (6)
 F - a wand of digging (3)
 L - a wand of mindburst (7)
Scrolls
 e - 5 scrolls of teleportation
 f - 3 scrolls of blinking
 j - 2 scrolls of silence
 n - a scroll of immolation
 p - 4 scrolls of magic mapping
 t - 18 scrolls of identify
 v - 3 scrolls of fog
 G - a scroll of vulnerability
 H - a scroll of brand weapon
 K - 3 scrolls of fear
 N - 2 scrolls of enchant weapon
Miscellaneous
 d - a condenser vane
 y - a phantom mirror (inert)
 I - a box of beasts
 M - a phial of floods (inert)
 T - a lightning rod (4/4)


   Skills:
 - Level 15.0 Fighting
 + Level 15.2 Long Blades
 - Level 12.0 Dodging


You had 14 spell levels left.
You didn't know any spells.
Your spell library contained the following spells:

 Spells                   Type           Power      Damage    Failure   Level
 Simulacrum               Ice/Necr       0%         N/A       100%        6
 Hailstorm                Conj/Ice       Unusable   3d3       N/A         3
 Ice Form                 Ice/Tmut       Unusable   N/A       N/A         4

Dungeon Overview and Level Annotations

Branches:
Dungeon (15/15)            Temple (1/1) D:7            Lair (5/5) D:11
 Shoals (1/4) Lair:2        Snake (0/4) Lair:2        Slime (0/5) Lair:4
    Orc (2/2) D:9             Elf (0/3) Orc:2        Vaults (0/5) D:13
 Depths (0/4) D:15         Bailey (visited)           IceCv (visited)
Gauntlet (visited)

Altars:
Ashenzari
Cheibriados
Dithmenos
Fedhas
Gozag
Hepliaklqana
Kikubaaqudgha
Makhleb
Nemelex Xobeh
Okawaru
Qazlal
Ru
Sif Muna
Trog
Uskayaw
Vehumet
Wu Jian
Xom
Yredelemnul

Shops:
D:1 =   D:14 :   Orc:1 *   Orc:2 ?*(=

Annotations:
D:14 3 exclusions


Innate Abilities, Weirdness & Mutations

You are immune to poison.
Your flesh is cold resistant. (rC+)
You are immune to negative energy. (rN+++)
You occasionally shout uncontrollably at your foes.
You are immune to unholy pain and torment.
You are vulnerable to heat. (rF-)
You cannot be stealthy.
You cannot train Armour skill.
You cannot study or cast Air magic.
You cannot study or cast Conjurations magic.
You cannot study or cast Hexes magic.
Your casting is slightly disrupted.
You are somewhat unskilled. (-1 Apt)
You are strongly in touch with the powers of death.
You do not drink.
You have a special connection with the divine. (Faith)


Message History

The kraken is severely wounded.
The tentacle slaps you. x2
The tentacle is stunned by your conviction and fails to attack.
The tentacle slaps you!!
The kraken squirts a massive cloud of ink into the water!
The tentacle misses you. The tentacle barely misses you.
You hit the kraken. You burn the kraken.
The kraken is almost dead.
The tentacle barely misses you. The tentacle completely misses you.
The tentacle barely misses you. The tentacle slaps you.
You focus your inner power and illuminate the tentacle in retribution!
The tentacle slaps you but does no damage.
The kraken begins to attack, but is stunned by your conviction!
The tentacle misses you.
You hit the kraken. You burn the kraken.
The kraken is almost dead.
The tentacle misses you. The tentacle slaps you!!
* * * LOW HITPOINT WARNING * * *
The tentacle barely misses you. The tentacle slaps you!
* * * LOW HITPOINT WARNING * * *
Unknown command.
You are restored by drawing out deep reserves of power within.
You feel drained.
The tentacle is stunned by your conviction and fails to attack.
The tentacle misses you. The tentacle slaps you!
The tentacle barely misses you. The kraken barely misses you.
The tentacle slaps you but does no damage.
The tentacle slaps you. The tentacle completely misses you.
You slice the kraken!! You burn the kraken!
The kraken is almost dead.
The tentacle slaps you!
* * * LOW HITPOINT WARNING * * *
The tentacle slaps you!
* * * LOW HITPOINT WARNING * * *
The tentacle barely misses you.
The kraken bites you but does no damage.
The tentacle slaps you!
* * * LOW HITPOINT WARNING * * *
The tentacle slaps you!
You die...

##...###.~~#.......#≈≈≈≈≈≈≈≈≈≈≈
#....$..~~~#.......#≈≈≈≈≈≈≈≈≈≈≈
##....~~~~~#p8~8~8~#≈≈≈≈≈≈≈≈≈≈
###...~~~~~~#~~~~~~~#≈≈≈≈≈≈≈≈≈≈
.#..~~~~~~~≈#~~~~~~~#≈≈≈≈≈≈≈≈≈
......~~~≈≈≈#~~~_~~~#≈≈≈≈≈≈≈≈
.....~~~≈≈≈≈#~§§§§§~#≈≈≈≈≈≈≈≈
..~~~~~≈≈≈≈≈#~§w§§§~#≈≈≈≈≈≈≈≈
~~~~~~≈≈≈≈≈≈#≈§§@w§~#≈≈≈≈≈≈≈≈
~~~≈≈≈≈≈≈≈≈≈#≈§wXw§≈#≈≈≈≈≈≈≈≈
~~≈≈≈≈≈≈≈≈≈≈#≈§§§§§≈#≈≈≈≈≈≈≈≈
≈≈≈≈≈≈≈≈≈≈≈≈#≈≈≈≈≈≈≈#≈≈≈≈≈≈≈≈
≈≈≈≈≈≈≈≈≈≈≈≈#########≈≈≈≈≈≈≈≈
≈≈≈≈≈≈≈≈≈≈≈≈≈≈≈≈≈≈≈≈≈≈≈≈≈≈≈≈≈
≈≈≈≈≈≈≈≈≈≈≈≈≈≈≈≈≈≈≈≈≈≈≈≈≈≈≈≈≈
≈≈≈≈≈≈≈≈≈≈≈≈≈≈≈≈≈≈≈≈≈≈≈≈≈≈≈≈≈
≈≈≈≈≈≈≈≈≈≈≈≈≈≈≈≈≈≈≈≈≈≈≈≈≈≈≈≈≈


You could see a kraken (very poisoned, slow) and 4 tentacles.

Vanquished Creatures
  Saint Roka (Orc:1)
  Jorgrun (D:14)
  Mlioglotl (Shoals:1)
  Kirke (Shoals:1)
  The ghost of Tinen the Brawler, a journeyman TrMo of Wu Jian (Orc:1)
  Nessos (D:13)
  A minotaur (Gauntlet)
  An ettin (D:15)
  Snorg (Orc:2)
  Josephine (Orc:2)
  The ghost of fedoskokos the Severer, a journeyman MiFi of Gozag (Lair:1)
  An ice dragon (Lair:5)
  3 hydras
  4 catoblepae
  2 ogre magi (D:15)
  Harold (D:9)
  2 centaur warriors
  Erica (D:9)
  3 boulder beetles
  A tengu warrior (D:15)
  13 death yaks (Lair:5)
  3 orc high priests (Orc:2)
  11 two-headed ogres
  Sonja (Lair:2)
  2 skysharks
  2 sixfirhies (Gauntlet)
  A sea snake (Shoals:1)
  A deep troll (D:15)
  A deep elf pyromancer (D:9)
  A deep elf zephyrmancer (D:9)
  5 orc knights
  4 orc sorcerers
  6 manticores
  4 cyclopes
  13 ugly things
  4 fauns (Shoals:1)
  3 elephants (Lair:5)
  A salamander (Lair:2)
  Maurice (D:9)
  6 black mambas
  4 ice statues
  A gargoyle (D:13)
  9 cane toads
  3 torpor snails
  A yaktaur (D:11)
  A rime drake (Lair:1)
  An anaconda simulacrum (IceCv)
  2 tengu conjurers (D:14)
  A freezing wraith (IceCv)
  9 komodo dragons
  6 polar bears
  2 wind drakes (Shoals:1)
  A merfolk (Shoals:1)
  3 trolls
  A polar bear (shapeshifter) (D:15)
  Prince Ribbit (D:6)
  4 hornets
  23 blink frogs
  A dream sheep (shapeshifter) (D:14)
  8 dream sheep
  5 slime creatures
  3 wraiths (Orc:2)
  9 wyverns
  42 yaks
  4 basilisks
  16 humans (D:13)
  A death yak simulacrum (IceCv)
  15 vampire mosquitoes
  2 steam dragons (D:8)
  2 wargs (Orc:2)
  A harpy simulacrum (IceCv)
  4 acid dragons
  17 water moccasins
  A swamp drake (D:9)
  30 orc warriors
  A sky beast (D:6)
  5 ice beasts
  3 black bears (D:11)
  An ice dragon simulacrum (Gauntlet)
  15 wolves
  13 ogres
  7 centaurs
  A boggart (D:13)
  Blork the orc (D:6)
  3 gnoll sergeants
  7 kobold brigands
  2 cane toad simulacra (IceCv)
  14 bullfrogs
  5 scorpions
  A hornet simulacrum (Gauntlet)
  10 wights
  16 killer bees
  6 howler monkeys
  3 vampire bats (D:7)
  A crimson imp (D:9)
  4 lava snakes (Lair:2)
  2 hounds
  6 jellies
  14 orc priests
  A gnoll bouda (D:7)
  An iron imp (D:9)
  2 sleepcaps
  Jessica (D:3)
  Ijyb (D:4)
  3 iguanas
  26 orc wizards
  A polar bear simulacrum (IceCv)
  A wolf simulacrum (IceCv)
  A boggart simulacrum (Gauntlet)
  Robin (D:2)
  16 gnolls
  5 adders
  2 shadow imps
  14 white imps
  4 dart slugs
  79 orcs
  5 ball pythons
  13 bats
  23 endoplasms
  3 giant cockroaches
  15 goblins
  11 hobgoblins
  3 jackals
  21 kobolds
  6 quokkas
  4 frilled lizards
  2 rats
  A spectral orc (D:15)
753 creatures vanquished.

Vanquished Creatures (collateral kills)
  A necromancer (D:15)
  A kobold brigand (Bailey)
  3 orcs
  An endoplasm (D:7)
6 creatures vanquished.

Vanquished Creatures (others)
  A hydra (D:15)
  A hell knight (D:15)
  A necromancer (D:15)
  A troll (D:12)
  A wight (D:9)
  A gnoll bouda (D:5)
  An orc wizard (D:9)
  10 orcs
  2 goblins (D:9)
  4 tentacles (Shoals:1)
23 creatures vanquished.

Grand Total: 782 creatures vanquished

Notes
Turn   | Place    | Note
-------+----------+-------------------------------------------
     0 | D:1      | Gabide the Mummy Monk began the quest for the Orb.
     0 | D:1      | Reached XP level 1. HP: 18/18 MP: 1/1
   176 | D:1      | Reached XP level 2. HP: 24/24 MP: 2/2
   313 | D:1      | Found a faded altar of an unknown god.
   370 | D:1      | Found Hecsy's Jewellery Shop.
   849 | D:2      | Gained mutation: You are in touch with the powers of death.
                  | [Mummy growth]
   849 | D:2      | Reached XP level 3. HP: 26/29 MP: 3/3
  1205 | D:2      | Reached XP level 4. HP: 33/35 MP: 4/4
  1233 | D:2      | Noticed Robin
  1253 | D:2      | Killed Robin
  1746 | D:3      | Noticed Jessica
  1761 | D:3      | Killed Jessica
  1804 | D:3      | Identified the +1 hand axe of Muannodo {drain, +Blink Will+
                  | Int+3}
  1850 | D:3      | Reached XP level 5. HP: 41/41 MP: 5/5
  2133 | D:3      | Found a sacrificial altar of Ru.
  2151 | D:3      | Found a stormy altar of Qazlal.
  2632 | D:4      | Noticed Ijyb
  2690 | D:4      | Killed Ijyb
  3005 | D:4      | Noticed a water moccasin
  3005 | D:4      | Noticed a wyvern
  3017 | D:4      | Killed a water moccasin
  3018 | D:4      | Reached skill level 5 in Long Blades
  3018 | D:4      | Reached XP level 6. HP: 47/47 MP: 6/6
  3118 | D:4      | Killed a wyvern
  3400 | D:5      | Entered Level 5 of the Dungeon
  3584 | D:5      | Reached XP level 7. HP: 49/52 MP: 7/7
  3762 | D:5      | Identified the +7 rapier of Emesmiow {venom, rF+ Int+3}
  4016 | D:5      | Reached XP level 8. HP: 33/58 MP: 8/8
  4566 | D:6      | Noticed Blork the orc
  4573 | D:6      | Killed Blork the orc
  4867 | D:6      | Found an opulent altar of Gozag.
  4869 | D:6      | Found a burning altar of Makhleb.
  5054 | D:7      | Noticed Prince Ribbit
  5218 | D:6      | Killed Prince Ribbit
  5219 | D:6      | Reached skill level 10 in Long Blades
  5324 | D:7      | Reached XP level 9. HP: 63/63 MP: 9/9
  5688 | D:7      | Found a staircase to the Ecumenical Temple.
  5696 | Temple   | Entered the Ecumenical Temple
  6027 | D:1      | Bought a ring of flight for 227 gold pieces
  6091 | D:3      | Became a worshipper of Ru the Awakened
  6095 | D:3      | Gained mutation: You cannot be stealthy. [Ru sacrifice]
  6781 | D:8      | You are sucked into a shaft and drop 1 floor!
  6844 | D:9      | Noticed Erica
  6861 | D:9      | Killed Erica
  6953 | D:9      | Noticed Maurice
  7022 | D:9      | Noticed Harold
  7032 | D:9      | Killed Harold
  7033 | D:9      | Reached XP level 10. HP: 5/70 MP: 10/10
  7038 | D:9      | Found a flagged portal.
  7043 | Bailey   | Entered a bailey
  7833 | Bailey   | Found a bloodstained altar of Trog.
  7843 | Bailey   | Gained mutation: You cannot study or cast Air magic. [Ru
                  | sacrifice]
  7843 | Bailey   | Gained mutation: You cannot study or cast Hexes magic. [Ru
                  | sacrifice]
  7843 | Bailey   | Gained mutation: You cannot study or cast Conjurations
                  | magic. [Ru sacrifice]
  7843 | Bailey   | Reached * piety under Ru
  7973 | D:9      | Noticed a deep elf pyromancer
  8098 | D:9      | Killed a deep elf pyromancer
  8467 | D:9      | Found a staircase to the Orcish Mines.
  8962 | D:9      | Noticed a deep elf zephyrmancer
  8981 | D:9      | Killed a deep elf zephyrmancer
  9197 | D:9      | Identified the +1 hat of Clean Salvation {rF++ Int+3}
  9299 | D:9      | Killed Maurice
  9832 | D:9      | Reached XP level 11. HP: 16/78 MP: 11/11
 10085 | D:8      | Noticed a two-headed ogre
 10107 | D:9      | Reached skill level 5 in Fighting
 10809 | D:8      | Killed a two-headed ogre
 10854 | D:8      | Gained mutation: You occasionally shout uncontrollably at
                  | your foes. [Ru sacrifice]
 10854 | D:8      | Reached ** piety under Ru
 11571 | D:10     | Entered Level 10 of the Dungeon
 11848 | D:10     | Noticed a two-headed ogre
 11854 | D:10     | Killed a two-headed ogre
 12423 | D:11     | Found a staircase to the Lair.
 12443 | D:11     | Reached skill level 5 in Dodging
 12723 | D:11     | Reached XP level 12. HP: 95/95 MP: 12/12
 13630 | Lair:1   | Entered Level 1 of the Lair of Beasts
 13655 | Lair:1   | Found a runed translucent door.
 13656 | Lair:1   | Noticed fedoskokos's ghost (journeyman MiFi)
 14368 | D:1      | Bought a +4 ring of slaying for 1014 gold pieces
 15324 | Lair:2   | Noticed Sonja
 15334 | Lair:2   | Killed Sonja
 15594 | Lair:2   | Noticed a catoblepas
 15625 | Lair:2   | Killed a catoblepas
 15626 | Lair:2   | Reached skill level 10 in Fighting
 15726 | Lair:2   | Found a staircase to the Shoals.
 16146 | Lair:2   | Found a staircase to the Snake Pit.
 16645 | Lair:3   | Found a frozen archway.
 16703 | IceCv    | Entered an ice cave
 16713 | IceCv    | Gained mutation: You are strongly in touch with the powers
                  | of death. [Mummy growth]
 16713 | IceCv    | Reached XP level 13. HP: 107/107 MP: 13/13
 17702 | Lair:3   | Reached skill level 10 in Dodging
 18891 | Lair:4   | Found a staircase to the Slime Pits.
 19021 | Lair:4   | You are sucked into a shaft and drop 1 floor!
 19021 | Lair:5   | Entered Level 5 of the Lair of Beasts
 20274 | Lair:5   | Reached XP level 14. HP: 103/115 MP: 12/14
 20607 | Lair:5   | Reached skill level 15 in Long Blades
 22407 | Lair:5   | Identified the amulet of Exig {Spirit rF+ Dex+3}
 22576 | Lair:1   | Killed fedoskokos's ghost
 22823 | Lair:1   | Identified the +3 leather armour "Umeplecw" {Int+4 Dex+2}
 23801 | D:13     | Noticed Nessos
 23801 | D:13     | Found a gate to the Vaults.
 23806 | D:13     | Killed Nessos
 23897 | D:13     | Identified the +3 halberd of Emie {holy, rElec rN+ MP-9
                  | Str+5}
 23953 | D:13     | Found a gate leading to a gauntlet.
 23958 | Gauntlet | Entered a Gauntlet
 23958 | Gauntlet | Found a transporter.
 23967 | Gauntlet | Found a transporter.
 23984 | Gauntlet | Found a transporter.
 23988 | Gauntlet | Found a transporter.
 24009 | Gauntlet | Found a transporter.
 24022 | Gauntlet | Found a transporter.
 24031 | Gauntlet | Found a transporter.
 24035 | Gauntlet | Found a transporter.
 24058 | Gauntlet | Found a transporter.
 24088 | Gauntlet | Found a transporter.
 24088 | Gauntlet | Found a transporter.
 24093 | Gauntlet | Found a transporter.
 24154 | Gauntlet | Identified the ring of Midwinter {+Blink rN+}
 24291 | Gauntlet | Reached skill level 15 in Fighting
 24298 | Gauntlet | Identified the +3 pair of boots of Beauty {Harm rPois}
 24495 | Gauntlet | Identified the staff of cold "Ygew" {rC+ Str+5 Dex+3
                  | Stlth+}
 25620 | D:14     | Reached XP level 15. HP: 129/129 MP: 15/15
 25842 | D:14     | Found Harilexiy's Book Shoppe.
 25894 | D:14     | Noticed Jorgrun
 25909 | D:14     | Killed Jorgrun
 26246 | D:15     | Entered Level 15 of the Dungeon
 26587 | D:15     | Found a staircase to the Depths.
 26786 | D:15     | Gained mutation: You are somewhat unskilled. (-1 Apt) [Ru
                  | sacrifice]
 26786 | D:15     | Reached *** piety under Ru
 26834 | D:15     | Reached skill level 15 in Long Blades
 27703 | D:15     | Found a basalt altar of Yredelemnul.
 27870 | Orc:1    | Entered Level 1 of the Orcish Mines
 28170 | Orc:2    | Entered Level 2 of the Orcish Mines
 28539 | Orc:2    | Gained mutation: You cannot train Armour skill. [Ru
                  | sacrifice]
 28539 | Orc:2    | Reached **** piety under Ru
 28698 | Orc:2    | Reached skill level 15 in Fighting
 28821 | Orc:2    | Found Feno's Jewellery Emporium.
 28821 | Orc:2    | Found Myuwyoji's Weapon Boutique.
 28823 | Orc:2    | Found Nalofafa's Assorted Antiques.
 28823 | Orc:2    | Found Noekats Higg's Magic Scroll Boutique.
 28831 | Orc:2    | Bought a sparkling brass ring for 170 gold pieces
 28831 | Orc:2    | Identified the ring of Twilight {rF+ Str+6} (You bought it
                  | in a shop on level 2 of the Orcish Mines)
 28836 | Orc:2    | Bought a scroll of teleportation for 42 gold pieces
 28836 | Orc:2    | Bought a scroll of silence for 133 gold pieces
 28836 | Orc:2    | Bought a scroll of magic mapping for 105 gold pieces
 28837 | Orc:2    | Bought a scroll of blinking for 255 gold pieces
 28837 | Orc:2    | Bought a scroll of fear for 136 gold pieces
 28837 | Orc:2    | Bought a scroll of fog for 136 gold pieces
 28903 | Orc:2    | Noticed Snorg
 28912 | Orc:2    | Killed Snorg
 28962 | Orc:2    | Noticed Saint Roka
 28983 | Orc:2    | Noticed Josephine
 29276 | Orc:1    | Killed Saint Roka
 29538 | Orc:2    | Killed Josephine
 29669 | Orc:2    | Found a staircase to the Elven Halls.
 29968 | Orc:1    | Gained mutation: Your casting is slightly disrupted. [Ru
                  | sacrifice]
 29968 | Orc:1    | Reached ***** piety under Ru
 29969 | Orc:1    | Found a runed translucent gate.
 29969 | Orc:1    | Found a runed translucent gate.
 29969 | Orc:1    | Found an opulent altar of Gozag.
 29969 | Orc:1    | Found a runed translucent gate.
 29969 | Orc:1    | Found Bineguso's Assorted Antiques.
 29969 | Orc:1    | Noticed Tinen's ghost (journeyman TrMo)
 29980 | Orc:1    | Killed Tinen's ghost
 30389 | Shoals:1 | Entered Level 1 of the Shoals
 30855 | Shoals:1 | Noticed Mlioglotl
 30860 | Shoals:1 | Mlioglotl changed into Mlioglotl the hell hog
 30860 | Shoals:1 | Noticed Mlioglotl
 30861 | Shoals:1 | Noticed Kirke
 30873 | Shoals:1 | Killed Mlioglotl
 30884 | Shoals:1 | Killed Kirke
 31031 | Shoals:1 | Found a blossoming altar of Fedhas.
 31036 | Shoals:1 | Noticed a kraken
 31182 | Shoals:1 | Slain by a tentacle

Illustrated notes

Levels and vault maps discovered:
D:1:      amcnicky_arrival_underground_garden, layout_basic,
          ebering_ecumenical_altar_box, serial_shops,
          nicolae_shop_tiny_waterfront
D:2:      layout_loops_ring, uniq_robin
D:3:      layout_basic, amcnicky_altar_gilded, general_overflow_altar,
          serial_co_window_serial, co_window_of_opportunity_a,
          co_window_of_opportunity_a, co_window_corner_a, co_window_corner_a,
          co_window_cross_1, co_window_of_opportunity_c, co_window_cross_4,
          co_window_2corner, co_window_corner_b, glass_columns_a,
          glass_columns_c, glass_columns_a, uniq_jessica
D:4:      layout_rooms, minmay_divided_ellipse, uniq_ijyb
D:5:      minmay_clustersquares, layout_rooms
D:6:      layout_rooms, jmf_multi_god_temple, uniq_blork_the_orc
D:7:      lemuel_slime, layout_basic, minmay_temple_entry_junction,
          hangedman_abyss_or_decor_stabs, roderic_batcave, uniq_prince_ribbit1
D:8:      layout_rooms
D:9:      layout_layer_cave, david_orc_2, enter_bailey_3, st_stairs_12,
          hangedman_minor_magic, uniq_harold, uniq_erica, uniq_maurice
D:10:     layout_roguey, serial_corexii_hall, corexii_hall_statues_l,
          chequers_hall_statues_y, serial_park_tiny_1
D:11:     layout_cave_pods, minmay_lair_entry_grove
D:12:     layout_roguey, minmay_microvault
D:13:     layout_irregular_city, david_vaults_3, gauntlet_entry_generic
D:14:     layout_roguey, serial_shops, nicolae_book_shop_shelving,
          minmay_strange_pillars, uniq_jorgrun
D:15:     hangedman_depths_entry_civil_slaughter, layout_loops_ring,
          serial_park_square1 [serial_park_minivault_5x5_2],
          yredelemnul_forgotten_temple_becter
Temple:   nicolae_temple_bog_church
Lair:1:   layout_long_grid, ebering_ghost_reflecting_pool, lemuel_fruit_fields
Lair:2:   layout_hall_layers, elwin_shoals_entry_rocks,
          nicolae_snake_entry_warm_welcome, infiniplex_staircase_pool,
          uniq_sonja
Lair:3:   layout_gridlike, portal_ice_cave_entry_imps, serial_bayou_lagoon_a,
          grunt_megastairs_3
Lair:4:   layout_regular_city, dpeg_slime_entry_enclosed
Lair:5:   evilmike_catoblepas_cave, layout_misc_corridors, ice2_lemuel
Shoals:1: layout_shoals, wheals_shoals_ruined_temple, uniq_mlioglotl, uniq_kirke
Orc:1:    layout_caves, ebering_ghost_gozag
Orc:2:    grunt_orc_tribal_feast, layout_caves, uniq_saint_roka, uniq_snorg,
          uniq_josephine

Skill      XL: |  1  2  3  4  5  6  7  8  9 10 11 12 13 14 15 |
---------------+----------------------------------------------+-----
Long Blades    | 3 4 5 6 8 10 12 14 15 15 | 15.2
Dodging        | 3 6 9 12 12 | 12.0
Fighting       | 4 9 11 12 15 15 | 15.0

Action                     |  1- 3 |  4- 6 |  7- 9 | 10-12 | 13-15 || total
---------------------------+-------+-------+-------+-------+-------++-------
  Melee: Falchion          |    75 |       |       |       |       ||    75
         Dagger            |    28 |   139 |       |       |       ||   167
         Hand axe          |       |    18 |       |       |       ||    18
         Long sword        |       |     7 |    18 |       |       ||    25
         Rapier            |       |       |   208 |       |       ||   208
         Scimitar          |       |       |    12 |   645 |  1143 ||  1800
  Throw: Boomerang         |       |    19 |     4 |    13 |     1 ||    37
         Dart              |       |       |     1 |    18 |    23 ||    42
         Throwing net      |       |       |     1 |     8 |     5 ||    14
 Invoke: Sacrifice Stealth |       |       |     1 |       |       ||     1
         Sacrifice Arcana  |       |       |       |     1 |       ||     1
         Sacrifice Purity  |       |       |       |     1 |       ||     1
         Reject Sacrifices |       |       |       |     2 |     2 ||     4
         Draw Out Power    |       |       |       |       |     3 ||     3
         Apocalypse        |       |       |       |       |     1 ||     1
         Sacrifice Essence |       |       |       |       |     1 ||     1
         Sacrifice Durabil |       |       |       |       |     1 ||     1
         Sacrifice Skill   |       |       |       |       |     1 ||     1
  Evoke: Wand              |       |     7 |    13 |    24 |    24 ||    68
         Phantom mirror    |       |       |       |     1 |     3 ||     4
         Phial of floods   |       |       |       |       |     2 ||     2
    Use: Scroll            |     3 |     6 |     9 |    13 |    16 ||    47
   Stab: Held in net/web   |       |       |       |     1 |     6 ||     7
         Petrified         |       |       |       |     4 |       ||     4
         Invisible         |       |       |       |     1 |     1 ||     2
         Distracted        |       |       |       |       |     3 ||     3
 Armour: Robe              |    21 |     9 |    53 |    53 |       ||   136
         Leather armour    |       |     9 |       |       |   164 ||   173
         Ring mail         |       |     7 |    47 |       |       ||    54
         Steam dragon scal |       |       |       |    47 |       ||    47
         Acid dragon scale |       |       |       |    47 |    98 ||   145
  Dodge: Dodged            |    77 |    63 |   140 |   378 |  1002 ||  1660
  Block: Orb               |       |       |       |   111 |    24 ||   135
         Reflection        |       |       |       |     5 |       ||     5
